 Dungeon Crawl Stone Soup version 0.30-a0-457-g4b7bca3bfa (webtiles) character file.

Game seed: 4678813339377770933

191 night the Shooter (level 5, -6/39 HPs)
             Began as a Barachi Hunter on Dec 13, 2022.
             Mangled by a gnoll bouda
             ... wielding a +0 whip
              (10 damage)
             ... on level 3 of the Dungeon.
             The game lasted 00:03:32 (1591 turns).

night the Shooter (Barachi Hunter)                  Turns: 1591, Time: 00:03:33

Health: -6/39      AC:  4    Str: 13    XL:     5   Next: 70%
Magic:  5/5        EV: 12    Int:  9    God:
Gold:   168        SH:  0    Dex: 17    Spells: 4/4 levels left

rFire   + . .      SeeInvis .    a - +0 shortbow
rCold   + . .      Faith    .    (shield currently unavailable)
rNeg    + . .      Spirit   .    c - +0 leather armour
rPois   +          Reflect  .    (no helmet)
rElec   +          Harm     .    (no cloak)
rCorr   +          Rampage  .    (no gloves)
Will    .....                    j - +0 pair of boots
Stlth   ++........               (no amulet)
HPRegen 0.26/turn                n - ring of positive energy
MPRegen 0.09/turn                (no ring)

@: resistant, weakened, slow
A: amphibious, slowness 1, strong legs 1, +LOS
a: Hop


You were on level 3 of the Dungeon.
You visited 1 branch of the dungeon, and saw 4 of its levels.

You collected 168 gold pieces.

Inventory:

Hand Weapons
 a - a +0 shortbow (weapon)
Missiles
 e - 15 stones
 k - 9 boomerangs
 o - 5 poisoned darts
Armour
 c - a +0 leather armour (worn)
 j - a +0 pair of boots (worn)
Jewellery
 n - a ring of positive energy (left hand)
Scrolls
 b - 2 scrolls of immolation
 d - a scroll of amnesia {unknown}
 f - 3 scrolls of identify {unknown}
 i - a scroll of blinking {unknown}
 m - 2 scrolls of vulnerability {unknown}
Potions
 l - a potion of curing


   Skills:
 - Level 2.4 Fighting
 + Level 6.7 Ranged Weapons
 - Level 2.2 Dodging
 - Level 1.0 Stealth


You had 4 spell levels left.
You didn't know any spells.
Your spell library was empty.

Dungeon Overview and Level Annotations

Branches:
Dungeon (4/15)
 Temple: D:4-7

Altars:


Innate Abilities, Weirdness & Mutations

You are amphibious.
You cover ground slowly.
You can hop short distances.
You have an extended range of vision and can be seen from far away.


Message History

The gnoll bouda hits you with a +0 whip.
* * * LOW HITPOINT WARNING * * *
Fire: a) +0 shortbow
Press: ? - help, Q - select action, (/) - cycle Shift-Dir - straight line, f - gnoll bouda
Aim: a gnoll bouda, wielding a +0 whip and wearing a +0 leather armour (68% to hit)
You shoot an arrow.
The arrow closely misses the gnoll bouda.
The gnoll bouda closely misses you.
Fire: a) +0 shortbow
Press: ? - help, Q - select action, (/) - cycle Shift-Dir - straight line, f/p - gnoll bouda
Aim: a gnoll bouda, wielding a +0 whip and wearing a +0 leather armour (68% to hit)
You shoot an arrow. The arrow hits the gnoll bouda.
The gnoll bouda is lightly wounded.
The gnoll bouda gazes fiercely through you!
You feel as though you will be weak longer.
The gnoll bouda barely misses you.
It was a potion of magic.
Magic courses through your body. The gnoll bouda closely misses you.
It was a potion of resistance.
You feel protected. The gnoll bouda barely misses you.
It was a potion of curing.
You feel better.
You are ready to hop once more.
The gnoll bouda hits you with a +0 whip.
Fire: a) +0 shortbow
Press: ? - help, Q - select action, (/) - cycle Shift-Dir - straight line, f/p - gnoll bouda
Aim: a gnoll bouda, wielding a +0 whip and wearing a +0 leather armour (lightly wounded, 68% to hit)
You shoot an arrow.
The arrow closely misses the gnoll bouda.
The gnoll bouda hits you with a +0 whip!
* * * LOW HITPOINT WARNING * * *
Fire: a) +0 shortbow
Press: ? - help, Q - select action, (/) - cycle Shift-Dir - straight line, f/p - gnoll bouda
Aim: a gnoll bouda, wielding a +0 whip and wearing a +0 leather armour (lightly wounded, 68% to hit)
You shoot an arrow.
The arrow hits the gnoll bouda but does no damage.
The gnoll bouda is lightly wounded.
The gnoll bouda hits you but does no damage.
The gnoll bouda hits you with a +0 whip!
You die...

.#### #...# #.......#
..<.####.#.###.......# #####
.....................# #....
###.####.#.........).# #....
#.........#.....>..# #....
######....#......).# #....
##...#.#.....(..# #...#
#..........†g...########.#.#
#.#.##.#.#.@.............#.#
#.#.##...#....#......#####.#
#.#.##..#####.......†# #.#
##.#.###.# ####...### #..
#####..#.# #.# #...# ##.
...##<##.# #.# #...##### #.
##.#..##.# #.# #...)...## #.
#...###.###.# ##<.###..###.
##....#.##..## #..# ##.....


You could see a gnoll bouda.

Vanquished Creatures
  A jelly (D:3)
  A hound (D:3)
  4 gnolls
  2 adders (D:3)
  2 worms
  3 dart slugs
  9 ball pythons
  7 endoplasms
  A giant cockroach (D:2)
  4 goblins
  5 hobgoblins
  2 jackals (D:1)
  3 kobolds
  3 quokkas
  11 bats
  2 frilled lizards
  8 rats
68 creatures vanquished.

Notes
Turn   | Place    | Note
-------+----------+-------------------------------------------
     0 | D:1      | night the Barachi Hunter began the quest for the Orb.
     0 | D:1      | Reached XP level 1. HP: 17/17 MP: 1/1
    15 | D:1      | Reached skill level 1 in Stealth
    54 | D:1      | Reached XP level 2. HP: 23/23 MP: 2/2
   193 | D:1      | Reached XP level 3. HP: 28/28 MP: 3/3
   244 | D:1      | Reached skill level 5 in Ranged Weapons
   984 | D:2      | Reached XP level 4. HP: 34/34 MP: 4/4
  1445 | D:4      | Reached skill level 6 in Ranged Weapons
  1458 | D:3      | Reached XP level 5. HP: 22/39 MP: 5/5
  1590 | D:3      | HP: 4/39 [gnoll bouda/+0 whip (10)]
  1591 | D:3      | Mangled by a gnoll bouda

Illustrated notes

Levels and vault maps discovered:
D:1:      dpeg_arrival_shrine, layout_rooms, minmay_misc_feat_nine_boxes
D:2:      layout_basic, nicolae_figureground_pulse
D:3:      layout_rooms
D:4:      cheibrodos_greedy_goblins, layout_basic

Skill      XL: |  1  2  3  4 |
---------------+-------------+-----
Stealth        | 1 |  1.0
Ranged Weapons | 5 6 |  6.7
Fighting       | |  2.4
Dodging        | |  2.2

Action                   |  1- 3 |  4- 6 || total
-------------------------+-------+-------++-------
 Fire: Shortbow          |    97 |    81 ||   178
Throw: Dart              |       |     1 ||     1
 Abil: Hop               |     1 |     1 ||     2
  Use: Potion            |       |     3 ||     3
Armor: Leather armour    |    12 |    10 ||    22
Dodge: Dodged            |    38 |    42 ||    80

Table legend: (Time is in decaauts)
 A = Elapsed time spent in this place.
 B = Non-inter-level travel time spent in this place.
 C = Inter-level travel time spent in this place.
 D = Time resting spent in this place.
 E = Time spent auto-exploring this place.
 F = Levels seen in this place.
 G = Mean time per level.
                   A        B        C        D        E       F      G
               +--------+--------+--------+--------+--------+-----+--------+
         Total |   1873 |   1829 |     44 |    113 |   1348 |   4 |  468.2 |
       Dungeon |   1873 |   1829 |     44 |    113 |   1348 |   4 |  468.2 |
               +--------+--------+--------+--------+--------+-----+--------+

Top non-repeatable levels by time:
     D:2: 639 daAuts
     D:3: 618 daAuts
     D:1: 600 daAuts
     D:4: 15 daAuts
